 Dungeon Crawl Stone Soup version 0.27.1 (webtiles) character file.

Game seed: 18290265809033253625

237 Descartes the Covert (level 5, 0/27 HPs)
             Began as a Spriggan Delver on Aug 31, 2021.
             Was a Believer of Dithmenos.
             Killed from afar by an orc wizard (6 damage)
             ... with a puff of flame
             ... on level 4 of the Dungeon.
             The game lasted 00:06:59 (3525 turns).

Descartes the Covert (Spriggan Delver)              Turns: 3525, Time: 00:07:00

Health: 0/27       AC:  2    Str:  9    XL:     5   Next: 77%
Magic:  10/10      EV: 18    Int: 12    God:    Dithmenos [**....]
Gold:   71         SH:  0    Dex: 16    Spells: 10/10 levels left

rFire    . . .     SeeInvis +   a - +0 short sword
rCold    . . .     Faith    .   (shield restricted)
rNeg     . . .     Spirit   .   b - +0 robe
rPois    .         Reflect  .   (helmet restricted)
rElec    .         Harm     .   x - scarf {shadows}
rCorr    .         Rampage  .   (gloves unavailable)
Will     .....                  (boots unavailable)
Stlth    +++++.....             (no amulet)
HPRegen  0.09/turn              (no ring)
MPRegen  0.12/turn              (no ring)

@: wreathed by umbra, very quick
A: very small, no large weapons, unfitting armour, see invisible, speed 3
a: Renounce Religion, Shadow Step


You were on level 4 of the Dungeon.
You worshipped Dithmenos.
Dithmenos was pleased with you.
You visited 1 branch of the dungeon, and saw 5 of its levels.

You collected 97 gold pieces.
You spent 26 gold pieces at shops.

Inventory:

Hand Weapons
 a - a +0 short sword (weapon)
Missiles
 i - 54 stones (quivered)
 j - 15 poisoned darts
 o - 18 sling bullets
 t - 27 arrows
Armour
 b - a +0 robe (worn)
 x - a scarf of shadows (worn)
Wands
 g - a wand of digging (3)
Scrolls
 c - a scroll of fog
 d - 2 scrolls of magic mapping
 e - 2 scrolls of fear
 k - a scroll of brand weapon {unknown}
 n - a scroll of blinking {unknown}
 p - a scroll of acquirement {unknown}
 q - 3 scrolls of identify
 r - a scroll of enchant armour {unknown}
 s - a scroll of immolation {unknown}
 u - a scroll of summoning {unknown}
 v - a scroll of vulnerability {unknown}
 w - a scroll of teleportation {unknown}
Potions
 f - a potion of haste
 h - 2 potions of resistance {unknown}
 l - a potion of lignification {unknown}
 m - 2 potions of mutation {unknown}


   Skills:
 - Level 2.4 Fighting
 + Level 3.1 Short Blades
 + Level 4.3 Dodging
 + Level 8.4 Stealth
 - Level 3.0 Spellcasting
 + Level 0.5 Invocations
 - Level 3.0 Evocations


You had 10 spell levels left.
You didn't know any spells.
Your spell library contained the following spells:

 Spells                   Type           Power      Damage    Failure   Level
 Sublimation of Blood     Necr           0%         N/A       36%         2
 Wereblood                Tmut           1%         N/A       36%         2
 Hailstorm                Conj/Ice       1%         3d3       94%         4
 Ice Form                 Ice/Tmut       1%         N/A       94%         4
 Simulacrum               Ice/Necr       0%         N/A       100%        6
 Summon Hydra             Summ           0%         N/A       100%        7


Dungeon Overview and Level Annotations

Branches:
Dungeon (5/15)             Temple (0/1) D:4

Altars:
Dithmenos

Shops:
D:2 ?

Annotations:
D:4 exclusion: orc warrior
D:5 exclusion: gnoll


Innate Abilities, Weirdness & Mutations

You are very small and have problems with some larger weapons.
You are too small for most types of armour.
You have supernaturally acute eyesight. (SInv)
You cover ground extremely quickly. (Speed+++)


Message History

You see here a +0 club.
Found a leather armour.
The helpless adder fails to defend itself.
You impale the adder!!
You kill the adder!
Dithmenos accepts your kill.
Training target 3.0 for Spellcasting reached!
Your Spellcasting skill increases to level 3!
No target in view!
No target in view!
No target in view!
No target in view!
No target in view!
No target in view!
No target in view!
Found a stone staircase leading down.
The orc priest misses you.
The orc wizard shouts!
You hit the orc priest but do no damage.
The orc priest closely misses you.
You hit the orc priest.
The orc priest is moderately wounded.
The orc priest hits you with a +0 short sword.
You closely miss the orc priest.
The orc priest is moderately wounded.
The orc priest hits you with a +0 short sword.
The hound skeleton bites you but does no damage.
You hit the orc priest but do no damage.
The orc priest is moderately wounded.
The orc wizard casts a spell at you. The puff of flame misses you.
The orc priest invokes the aid of Beogh against you.
Beogh smites you!
* * * LOW HITPOINT WARNING * * *
The hound skeleton closely misses you. The orc wizard casts a spell at you.
You easily resist.
A ball python comes into view.
The orc wizard points at you and mumbles some strange words.
The puff of flame hits you.
You die...

.............#
#..##.......#
#...##.....## ###
##...........## #.[..
##.[...........#
......##.............##
...........#.....<....#
........./.#....†......#
...........@......#....#
>.......Z.....)....##.##
....................###
............o.†..........#
........o............S...#
...........o...#........##
...............#..........
...?#.............##.#....
..o#.....#........# .#...


You could see an orc priest, an orc wizard, a ball python (wandering) and a
hound skeleton.

Vanquished Creatures
  A water moccasin skeleton (D:5)
  A hound (D:4)
  8 adders
  A shadow imp (D:3)
  15 orcs
  5 endoplasms
  4 giant cockroaches
  2 goblins
  4 hobgoblins
  7 kobolds
  4 quokkas
  7 ball pythons
  6 bats
  3 frilled lizards
  A quokka skeleton (D:4)
  2 rats
71 creatures vanquished.

Notes
Turn   | Place    | Note
-------+----------+-------------------------------------------
     0 | D:5      | Descartes the Spriggan Delver began the quest for the Orb.
     0 | D:5      | Reached XP level 1. HP: 11/11 MP: 2/2
    63 | D:5      | Found a shadowy altar of Dithmenos.
    70 | D:5      | Became a worshipper of Dithmenos the Shadowed
   186 | D:5      | Reached XP level 2. HP: 16/16 MP: 2/4
   305 | D:5      | Reached skill level 1 in Spellcasting
   305 | D:5      | Reached skill level 1 in Evocations
   305 | D:5      | Reached XP level 3. HP: 19/19 MP: 4/6
   315 | D:4      | Reached XP level 4. HP: 23/23 MP: 4/7
   323 | D:4      | Noticed an orc warrior
   361 | D:4      | Found a staircase to the Ecumenical Temple.
  1041 | D:2      | Reached skill level 8 in Stealth
  1105 | D:2      | Found Zeethriy's Magic Scroll Boutique.
  1119 | D:2      | Bought a scroll of identify for 26 gold pieces
  1267 | D:2      | Reached * piety under Dithmenos
  1268 | D:2      | Reached XP level 5. HP: 27/27 MP: 9/9
  2810 | D:3      | Found a faded altar of an unknown god.
  3431 | D:3      | Reached ** piety under Dithmenos
  3525 | D:4      | Killed from afar by an orc wizard

Illustrated notes

Levels and vault maps discovered:
D:1:      psy_arrival_dodecagon, layout_loops_corners
D:2:      layout_basic, serial_shops, shop
D:3:      layout_basic, hellmonk_ecumenical_altar_inner_sanctum
D:4:      gammafunk_cloud_chamber, layout_cave_pools,
          minmay_temple_entry_drinking_statues, st_stairs_3,
          hangedman_decor_points
D:5:      layout_loops_ring, mainiacjoe_overflow_alcove_2,
          lemuel_coloured_pillars_altar

Skill      XL: |  1  2  3  4  5 |
---------------+----------------+-----
Dodging        | 3 4 |  4.3
Spellcasting   | 1 2 3 |  3.0
Evocations     | 1 2 3 |  3.0
Short Blades   | 3 |  3.1
Stealth        | 8 |  8.4
Fighting       | |  2.4
Invocations    | |  0.5

Action                   |  1- 3 |  4- 6 || total
-------------------------+-------+-------++-------
Melee: Short sword       |     3 |   253 ||   256
 Stab: Sleeping          |     3 |    28 ||    31
       Distracted        |       |     2 ||     2
Armor: Robe              |       |    13 ||    13
Dodge: Dodged            |       |   213 ||   213
